 Dungeon Crawl Stone Soup version 0.29-a0-25-g7f48f510a0 (webtiles) character file.

Game seed: 5700976552119047213

262 HallandMoats the Skirmisher (level 5, -4/42 HPs)
             Began as a Demonspawn Fighter on Jan 31, 2022.
             Was a Believer of Lugonu.
             Frozen to death by an endoplasm (5 damage)
             ... on level 4 of the Dungeon.
             The game lasted 00:02:23 (3032 turns).

HallandMoats the Skirmisher (Demonspawn Fighter)    Turns: 3032, Time: 00:02:23

Health: -4/42      AC: 13    Str: 18    XL:     5   Next: 97%
Magic:  6/7        EV: 14    Int: 13    God:    Lugonu [**....]
Gold:   123        SH:  4    Dex: 12    Spells: 4/4 levels left

rFire   + . .      SeeInvis .   a - +0 war axe
rCold   . . .      Faith    .   c - +0 buckler
rNeg    . . .      Spirit   .   p - +1 ring mail {Will+}
rPois   .          Reflect  .   k - +0 helmet of the Hunter {rF+ Int+3}
rElec   .          Harm     .   (no cloak)
rCorr   .          Rampage  .   (no gloves)
Will    +....                   (no boots)
Stlth   +.........              (no amulet)
HPRegen 0.14/turn               g - +4 ring of evasion
MPRegen 0.10/turn               (no ring)

@: sanguine armoured
A: sanguine armour 1, demonic magic 1
a: Renounce Religion, Depart the Abyss, Bend Space


You were on level 4 of the Dungeon.
You worshipped Lugonu.
Lugonu was pleased with you.
You visited 1 branch of the dungeon, and saw 4 of its levels.

You collected 123 gold pieces.

Inventory:

Hand Weapons
 a - a +0 war axe (weapon)
Armour
 c - a +0 buckler (worn)
 k - the +0 helmet of the Hunter (worn) {rF+ Int+3}
   (You found it on level 2 of the Dungeon)

   Int:       It affects your intelligence (+3).
   rF:        It protects you from fire.
 p - a +1 ring mail of willpower (worn)
Jewellery
 g - a +4 ring of evasion (left hand)
 w - a +4 ring of evasion
Wands
 s - a wand of flame (11)
 t - a wand of iceblast (10)
Scrolls
 e - 2 scrolls of identify {unknown}
 h - 2 scrolls of enchant armour {unknown}
 j - a scroll of fog {unknown}
 m - 2 scrolls of silence {unknown}
 o - a scroll of enchant weapon {unknown}
 x - a scroll of magic mapping {unknown}
Potions
 b - a potion of degeneration {unknown}
 d - a potion of might
 f - a potion of attraction {unknown}
 i - 3 potions of curing {unknown}
 l - a potion of ambrosia {unknown}
 n - a potion of resistance {unknown}
 q - a potion of invisibility {unknown}
 r - 2 potions of berserk rage {unknown}
 u - a potion of heal wounds {unknown}
 v - a potion of haste {unknown}


   Skills:
 * Level 4.1 Fighting
 * Level 3.0 Axes
 + Level 3.2 Armour
 + Level 1.5 Dodging
 + Level 3.2 Shields
 * Level 3.2 Invocations


You had 4 spell levels left.
You didn't know any spells.
Your spell library contained the following spells:

 Spells                   Type           Power      Damage    Failure   Level
 Magic Dart               Conj           0%         1d3       56%         1
 Blink                    Tloc           0%         N/A       71%         2
 Call Imp                 Summ           0%         N/A       71%         2
 Lesser Beckoning         Tloc           0%         N/A       91%         3
 Mephitic Cloud           Conj/Pois/Air  0%         N/A       91%         3
 Manifold Assault         Tloc           0%         N/A       100%        5
 Storm Form               Tmut/Air       0%         N/A       100%        7


Dungeon Overview and Level Annotations

Branches:
Dungeon (4/15)
 Temple: D:4-7

Altars:
Elyvilon
Lugonu


Innate Abilities, Weirdness & Mutations

When seriously injured, your blood forms armour. (AC +6)
Spells you cast may paralyse adjacent enemies.


Message History

You are too injured to fight recklessly!
You are too injured to fight recklessly!
You are too injured to fight recklessly!
You hit Menkaure but do no damage.
Menkaure is heavily damaged.
Menkaure misses you.
You slash Menkaure!
Menkaure is severely damaged.
You hit the endoplasm.
The endoplasm hits you but does no damage.
Menkaure barely misses you.
The endoplasm jiggles.
The endoplasm barely misses you.
You hit Menkaure.
Menkaure is almost destroyed.
You hit the endoplasm. Menkaure hits you!
* * * LOW HITPOINT WARNING * * *
The endoplasm closely misses you.
Unknown command.
You slash Menkaure!
You destroy Menkaure!
Lugonu accepts your kill.
You barely miss the endoplasm. The endoplasm freezes you.
You are frozen.
* * * LOW HITPOINT WARNING * * *
You hear some strange, mumbled words.
Something tries to affect you, but you resist.
A ball python comes into view.
The endoplasm hits you but does no damage.
Your Fighting skill increases to level 4!
Your Axes skill increases to level 3!
Your Invocations skill increases to level 3!
Unknown command.
You completely miss the endoplasm.
The endoplasm is severely wounded.
The ball python hisses angrily.
The endoplasm freezes you.
You are frozen.
You die...

#...........#
#.#########.# #####
#.##.. #.# ...# #.##.#
#.#.# #######.####.##.#
#.#.# ...$.........##.#
#.#.#
#######.#######.####.#.#
...[.................#.#
######.@#..#####.....#.#
#J.##.#####.....#.#
....................
###....#.###.####.#..
##.#.#.###.####....
..#...............
..S###..##.####....
..................
####..#.#####...


You could see an endoplasm and a ball python.

Vanquished Creatures
  Menkaure (D:4)
  Ijyb (D:3)
  Terence (D:2)
  2 adders (D:2)
  A gnoll (D:1)
  2 worms (D:2)
  A dart slug (D:2)
  2 orcs
  6 endoplasms
  13 goblins
  6 hobgoblins
  A quokka (D:3)
  4 ball pythons
  5 bats
  2 frilled lizards (D:1)
  3 kobolds
  A rat (D:1)
52 creatures vanquished.

Notes
Turn   | Place    | Note
-------+----------+-------------------------------------------
     0 | D:1      | HallandMoats the Demonspawn Fighter began the quest for the
                  | Orb.
     0 | D:1      | Reached XP level 1. HP: 18/18 MP: 1/1
   263 | D:1      | Gained mutation: Spells you cast may paralyse adjacent
                  | enemies. [demonic ancestry]
   263 | D:1      | Reached XP level 2. HP: 23/24 MP: 2/2
   278 | D:1      | Reached skill level 1 in Invocations
   602 | D:1      | Found a faded altar of an unknown god.
   629 | D:1      | Reached XP level 3. HP: 24/29 MP: 4/4
  1077 | D:1      | Prayed at the altar of an unknown god.
  1077 | D:1      | Became a worshipper of Lugonu the Unformed
  1077 | D:1      | Reached * piety under Lugonu
  1077 | D:1      | Reached ** piety under Lugonu
  1254 | D:2      | Identified the +0 helmet of the Hunter {rF+ Int+3}
  1518 | D:2      | Noticed Terence
  1525 | D:2      | Killed Terence
  1526 | D:2      | Reached skill level 1 in Dodging
  1526 | D:2      | Gained mutation: When seriously injured, your blood forms
                  | armour. (AC +6) [demonic ancestry]
  1526 | D:2      | Reached XP level 4. HP: 26/35 MP: 5/5
  2425 | D:3      | Noticed Ijyb
  2461 | D:3      | Killed Ijyb
  2957 | D:4      | Reached XP level 5. HP: 42/42 MP: 6/6
  3021 | D:4      | Noticed Menkaure
  3030 | D:4      | HP: 2/42 [Menkaure (13)]
  3031 | D:4      | Killed Menkaure
  3032 | D:4      | Reached skill level 4 in Fighting
  3032 | D:4      | Frozen to death by an endoplasm

Illustrated notes

Levels and vault maps discovered:
D:1:      dpeg_arrival_round_c, layout_basic, basic_ecumenical_altar,
          minmay_misc_feat_square, patterned_corridor
D:2:      layout_basic, columned_hall_lemuel, minmay_vboxes, uniq_terence
D:3:      kennysheep_the_goblin_king, layout_loops_ring,
          mainiacjoe_overflow_alcove_4
D:4:      layout_basic, corexii_checkpoint_b, nicolae_specific_store,
          uniq_grinder, uniq_menkaure

Skill      XL: |  1  2  3  4  5 |
---------------+----------------+-----
Axes           | 2 3 |  3.0
Invocations    | 1 2 3 |  3.2
Armour         | 3 |  3.2
Dodging        | 1 |  1.5
Shields        | 3 |  3.2
Fighting       | 4 |  4.1

Action                   |  1- 3 |  4- 6 || total
-------------------------+-------+-------++-------
Melee: War axe           |    71 |    87 ||   158
Armor: Scale mail        |    34 |       ||    34
       Ring mail         |       |    38 ||    38
Dodge: Dodged            |    28 |    60 ||    88
Block: Buckler           |    22 |    17 ||    39

Table legend: (Time is in decaauts)
 A = Elapsed time spent in this place.
 B = Non-inter-level travel time spent in this place.
 C = Inter-level travel time spent in this place.
 D = Time resting spent in this place.
 E = Time spent auto-exploring this place.
 F = Levels seen in this place.
 G = Mean time per level.
                   A        B        C        D        E       F      G
               +--------+--------+--------+--------+--------+-----+--------+
         Total |   3098 |   2949 |    149 |      0 |   2510 |   4 |  774.5 |
       Dungeon |   3098 |   2949 |    149 |      0 |   2510 |   4 |  774.5 |
               +--------+--------+--------+--------+--------+-----+--------+

Top non-repeatable levels by time:
     D:1: 1121 daAuts
     D:3: 952 daAuts
     D:2: 755 daAuts
     D:4: 268 daAuts
